 Dungeon Crawl Stone Soup version 0.29.1-15-g9cfb28693d (webtiles) character file.

Game seed: 17307988840462259229

20 leafyfresh the Sneak (level 2, 0/21 HPs)
             Began as an Octopode Delver on Apr 19, 2023.
             Succumbed to an adder's poison
             ... on level 3 of the Dungeon.
             The game lasted 00:00:48 (719 turns).

leafyfresh the Sneak (Octopode Delver)               Turns: 719, Time: 00:00:49

Health: 0/21       AC:  1    Str: 11    XL:     2   Next: 79%
Magic:  2/2        EV: 13    Int: 12    God:
Gold:   38         SH:  0    Dex: 13    Spells: 1/1 levels left

rFire   . . .      SeeInvis .   a - +0 short sword
rCold   . . .      Faith    .   (no shield)
rNeg    . . .      Spirit   .   (helmet restricted)
rPois   .          Reflect  .   (no amulet)
rElec   .          Harm     .   (no ring)
rCorr   .          Rampage  .   (no ring)
Will    .....                   (no ring)
Stlth   ++++......              (no ring)
HPRegen 0.07/turn               (no ring)
MPRegen 0.08/turn               (no ring)
                                (no ring)
                                (no ring)

@: lethally poisoned (0 -> -11)
A: almost no armour, amphibious, 8 rings, camouflage 1, gelatinous body 1,
(nimble swimmer 1), tentacles
a: no special abilities


You were on level 3 of the Dungeon.
You visited 1 branch of the dungeon, and saw 3 of its levels.

You collected 38 gold pieces.

Inventory:

Hand Weapons
 a - a +0 short sword (weapon)
Armour
 g - the +1 robe "Guyrufuff" {Regen+ Str+2 Dex+3}
   (You found it on level 4 of the Dungeon)

   Str:       It affects your strength (+2).
   Dex:       It affects your dexterity (+3).
   Regen:     It increases your rate of health regeneration.
Wands
 f - a wand of digging (3)
Scrolls
 b - a scroll of fog
 c - a scroll of magic mapping
 d - a scroll of fear
 h - a scroll of brand weapon {unknown}
Potions
 e - a potion of haste


   Skills:
 + Level 3.3 Fighting
 - Level 2.0 Short Blades
 + Level 2.4 Dodging
 + Level 6.9 Stealth


You had one spell level left.
You didn't know any spells.
Your spell library was empty.

Dungeon Overview and Level Annotations

Branches:
Dungeon (5/15)
 Temple: D:4-7

Altars:


Innate Abilities, Weirdness & Mutations

You cannot wear most types of armour.
You are amphibious.
You can wear up to eight rings at the same time.
Your skin changes colour to match your surroundings (Stealth+).
Your rubbery body absorbs attacks. (AC +1, EV +1)
((You are camouflaged when in or above water. (Stealth+)))
You have tentacles for arms and can constrict up to eight enemies at once.


Message History

The rat is heavily wounded.
You constrict the rat.
You kill the rat!
No target in view!
An adder comes into view.
The adder hisses angrily.
The adder bites you. x2
An adder is nearby!
You barely miss the adder. Your grab misses the adder. The adder bites you.
An adder is nearby!
You hit the adder. Your grab misses the adder.
The adder is heavily wounded.
The adder bites you.
You are poisoned.
The adder poisons you!
An adder is nearby!
You closely miss the adder. Your grab misses the adder.
Your squeeze misses the adder.
The adder is heavily wounded.
You feel sick. The adder bites you.
You are lethally poisoned!
The adder poisons you!
You are too injured to fight recklessly!
There is a lethal amount of poison in your body!
There is a lethal amount of poison in your body!
You are too injured to fight recklessly!
There is a lethal amount of poison in your body!
You hit the adder. Your grab misses the adder.
The adder is almost dead.
* * * LOW HITPOINT WARNING * * *
You feel very sick. The adder closely misses you. The adder bites you.
* * * LOW HITPOINT WARNING * * *
You are more poisoned.
The adder poisons you!
You miss the adder. You grab the adder. You squeeze the adder.
You kill the adder!
* * * LOW HITPOINT WARNING * * *
You feel very sick.
You die...

#.##......#. .#
#.###.....#.#.## #.#
#.#.#...... #.#
#.#.####..
#.###.....##.#
#.#...#.#.##.#
#.....#.#....##########.
###...#.####..##........
# #...#.# ##..#@.......
###...#.# ##.#........
......#.# #..........
###...#.#######.........
##...#...... .....>....
#..........####........
#..........# .........
#..........# .........
#..........# .......#.


There were no monsters in sight!

Vanquished Creatures
  An adder (D:3)
  A worm (D:3)
  A bat (D:3)
  An endoplasm (D:3)
  2 hobgoblins
  A ball python (D:3)
  A frilled lizard (D:3)
  A rat (D:3)
9 creatures vanquished.

Notes
Turn   | Place    | Note
-------+----------+-------------------------------------------
     0 | D:5      | leafyfresh the Octopode Delver began the quest for the Orb.
     0 | D:5      | Reached XP level 1. HP: 16/16 MP: 1/1
     8 | D:5      | Noticed a hound
    37 | D:5      | Noticed a kobold brigand
    38 | D:5      | Noticed an orc wizard
    68 | D:4      | Identified the +1 robe "Guyrufuff" {Regen+ Str+2 Dex+3}
   117 | D:4      | Noticed an orc wizard
   128 | D:3      | Found a faded altar of an unknown god.
   166 | D:3      | Reached XP level 2. HP: 4/21 MP: 2/2
   718 | D:3      | HP: 1/21 [poisoned by an adder]
   719 | D:3      | Succumbed to an adder's poison

Illustrated notes

Levels and vault maps discovered:
D:3:      layout_basic, nicolae_dithmenos_the_darkroom,
          ebering_ecumenical_altar_box, minmay_misc_feat_nine_boxes
D:4:      layout_basic, minivault_19, minmay_manual_monolith
D:5:      layout_gridville, lemuel_doored_altar, minmay_temple_entry_poolview,
          guppyfry_early_orc_mine

Action                   || total
-------------------------++-------
Melee: Short sword       ||    22
       Constrict         ||     5
       Tentacles         ||     2
       Punch             ||     1
 Stab: Sleeping          ||     2
Armor: Skin              ||     2
Dodge: Dodged            ||    15
